 Dungeon Crawl Stone Soup version 0.28.0-53-g5a82cb258f (webtiles) character file.

Game seed: 11740591900626381849

254 NoAnimeNoLife the Conjurer (level 5, 0/28 HPs)
             Began as a Deep Elf Conjurer on June 1, 2022.
             Slain by an orc wizard
             ... wielding a +0 dagger of venom
              (3 damage)
             ... on level 3 of the Dungeon.
             The game lasted 00:06:29 (3373 turns).

NoAnimeNoLife the Conjurer (Deep Elf Conjurer)      Turns: 3373, Time: 00:06:30

Health: 0/28       AC:  2    Str:  4    XL:     5   Next: 90%
Magic:  7/13       EV: 12    Int: 25    God:
Gold:   136        SH:  0    Dex: 13    Spells: 9/12 levels left

rFire   . . .      SeeInvis .   f - +2 flail (vorpal)
rCold   . . .      Faith    .   (no shield)
rNeg    . . .      Spirit   .   a - +0 robe
rPois   .          Reflect  .   (no helmet)
rElec   .          Harm     .   (no cloak)
rCorr   .          Rampage  .   (no gloves)
Will    .....                   (no boots)
Stlth   ++........              (no amulet)
HPRegen 0.09/turn               (no ring)
MPRegen 0.13/turn               (no ring)

@: mighty, lethally poisoned (0 -> -4), hasted, very quick
A: no striking features
a: no special abilities


You were on level 3 of the Dungeon.
You visited 1 branch of the dungeon, and saw 3 of its levels.

You collected 136 gold pieces.

Inventory:

Hand Weapons
 e - a +1 hand axe
 f - a +2 vorpal flail (weapon)
Missiles
 h - a throwing net
Armour
 a - a +0 robe (worn)
Scrolls
 b - a scroll of fear {unknown}
 i - a scroll of immolation {unknown}
Potions
 c - a potion of attraction
 g - a potion of haste


   Skills:
 - Level 2.4 Dodging
 - Level 2.4 Stealth
 - Level 4.1 Spellcasting
 * Level 7.5 Conjurations


You had 9 spell levels left.
You knew the following spells:

 Your Spells              Type           Power      Damage    Failure   Level
a - Magic Dart            Conj           100%       1d8       1%          1
b - Searing Ray           Conj           84%        2d7       1%          2

Your spell library contained the following spells:

 Spells                   Type           Power      Damage    Failure   Level
 Dazzling Flash           Conj/Hex       48%        N/A       6%          3
 Animate Skeleton         Necr           10%        N/A       9%          1
 Pain                     Necr           20%        1d5       9%          1
 Fulminant Prism          Conj/Hex       12%        3d9       19%         4
 Iskenderun's Mystic Bla  Conj/Tloc      24%        2d7       19%         4
 Inner Flame              Hex/Fire       5%         N/A       26%         3
 Summon Guardian Golem    Hex/Summ       5%         N/A       26%         3
 Vampiric Draining        Necr           5%         2d6       26%         3
 Cause Fear               Hex            2%         N/A       65%         4
 Orb of Destruction       Conj           21%        9d8       98%         7
 Spellforged Servitor     Conj/Summ      12%        N/A       100%        7
 Discord                  Hex            2%         N/A       100%        8


Dungeon Overview and Level Annotations

Branches:
Dungeon (3/15)

Altars:
Yredelemnul


Message History

You can't see any susceptible monsters within range! (Use Z to cast anyway.)
You see here a +0 hunting sling.
The orc wizard shouts!
The magic dart hits the orc wizard.
The orc wizard is lightly wounded.
The magic dart hits the orc wizard but does no damage.
The orc wizard is lightly wounded.
Casting: Magic Dart (safe; 1% risk of failure)
Confirm with . or Enter, or press ? or * to list all spells.
Aiming: Searing Ray (safe; 1% risk of failure)
Press: ? - help, Shift-Dir - straight line, f/p - orc wizard
Aim: an orc wizard, wielding a +0 dagger of venom and wearing a +0 robe (lightly wounded, 77% to hit)
The searing ray misses the orc wizard. (Press . to maintain the ray.)
The searing ray hits the orc wizard.
The orc wizard is heavily wounded.
The orc wizard casts a spell.
The orc wizard flickers and vanishes!
Deactivating autopickup; reactivate with Ctrl-A.
The searing ray hits something!
You hear some strange, mumbled words.
A puff of flame appears from out of thin air!
The puff of flame hits you!
You finish channelling your searing ray.
You hear some strange, mumbled words.
A magic dart appears from out of thin air!
The magic dart hits you!
You hear some strange, mumbled words.
A puff of flame appears from out of thin air!
The puff of flame hits you!
* * * LOW HITPOINT WARNING * * *
Okay, then.
It was a potion of haste.
You feel yourself speed up. Something hits you but does no damage.
You are lethally poisoned!
It was a potion of might.
You feel very mighty all of a sudden.
* * * LOW HITPOINT WARNING * * *
You feel sick. Something hits you.
You die...

.#.# #.# .≈.....§.§$#?. .#.# #.#
#.≈.#####.§.#.. .#.###.####
#.§.#.....≈.#.o .#........#
#.≈.#._.#.§.... ##........#
##.≈§....#.≈.... ##........#
#..≈.#####.≈.#.. ##........#
#..§.§..§....###
##........########..§≈§§§≈≈≈≈.###
##.###..........@....§....§§...).
##.# ##############.#######.#..##
##.########## #.# #.#..#
............# #.# #.#..#
...########.# #.# #.#..# #### #.#
#.# #.#..# # #.# #.# #.#..# # #.#
### #.# #.#### # #######.###.#
#.# #.#


There were no monsters in sight!

Vanquished Creatures
  2 orc priests (D:3)
  Ijyb (D:3)
  Terence (D:3)
  Robin (D:3)
  4 gnolls
  3 adders (D:3)
  8 orcs (D:3)
  2 endoplasms
  4 giant cockroaches
  12 goblins
  6 hobgoblins
  A quokka (D:3)
  7 ball pythons
  4 bats
  A frilled lizard (D:3)
  6 kobolds
  3 rats
66 creatures vanquished.

Notes
Turn   | Place    | Note
-------+----------+-------------------------------------------
     0 | D:1      | NoAnimeNoLife the Deep Elf Conjurer began the quest for the
                  | Orb.
     0 | D:1      | Reached XP level 1. HP: 10/10 MP: 6/6
   109 | D:1      | Reached XP level 2. HP: 15/15 MP: 0/8
   381 | D:1      | Reached skill level 5 in Conjurations
   709 | D:1      | Learned a level 2 spell: Searing Ray
   870 | D:2      | Reached XP level 3. HP: 19/19 MP: 5/10
  1127 | D:2      | Found a faded altar of an unknown god.
  1576 | D:3      | Reached XP level 4. HP: 24/24 MP: 6/12
  1847 | D:3      | Noticed Terence
  1855 | D:3      | Killed Terence
  1856 | D:3      | Reached skill level 6 in Conjurations
  2180 | D:3      | Found a basalt altar of Yredelemnul.
  2227 | D:3      | Noticed Ijyb
  2245 | D:3      | Killed Ijyb
  2246 | D:3      | Reached XP level 5. HP: 17/28 MP: 4/13
  2792 | D:3      | Reached skill level 7 in Conjurations
  3174 | D:3      | Noticed Robin
  3179 | D:3      | Killed Robin
  3373 | D:3      | Slain by an orc wizard

Illustrated notes

Levels and vault maps discovered:
D:1:      co_arrival_random_square_maze, layout_rooms, serial_forest,
          infiniplex_forest_straight_5, infiniplex_forest_straight_2,
          infiniplex_forest_diagonal, infiniplex_forest_straight_3,
          infiniplex_forest_clump_diagonal, infiniplex_forest_clump_tiny
D:2:      layout_loops_ring, dreamdust_ecumenical_altar_angels_and_demons
D:3:      layout_basic, mainiacjoe_overflow_brackets, uniq_robin, uniq_terence,
          uniq_ijyb

Skill      XL: |  1  2  3  4  5 |
---------------+----------------+-----
Conjurations   | 5 6 7 |  7.5
Spellcasting   | 4 |  4.1
Dodging        | |  2.4
Stealth        | |  2.4

Action                   |  1- 3 |  4- 6 || total
-------------------------+-------+-------++-------
Melee: Unarmed           |     1 |       ||     1
       Flail             |       |     2 ||     2
 Cast: Magic Dart        |    45 |    56 ||   101
       Searing Ray       |     1 |     9 ||    10
  Use: Scroll            |       |     5 ||     5
       Potion            |       |     4 ||     4
 Stab: Sleeping          |     1 |       ||     1
Armor: Robe              |     1 |     2 ||     3
Dodge: Dodged            |     3 |    13 ||    16
